Match 27844125
Unlisted

Match 27844125
End
Kradschützen Motorcycle Team
250 Light Carrier
Panzergrenadier Squad
250 Light Carrier
Construct Light Support Kompanie
Combat Half-tracks
Selects Italian Infantry
Panzerjäger Squad
Panzergrenadier Squad
Fire Support Elements
Panzerjäger Squad
2.5-tonne Medical Truck
Selects Guastatori Squad
Selects Registered Artillery
250 Light Carrier
Veteran Squad Leaders
Vehicle Survival Package
2.5-tonne Medical Truck
Flakvierling Half-track
Construct Panzerarmee Kommand
Panzergrenadier Squad
Selects Towed Cannone da 105/28 Field Howitzer
Towed Cannone da 105/28 Field Howitzer
Panzer III L Medium Tank
Selects Defensive Operations
Panzer III L Medium Tank
Selects Territory Booby Traps
Selects Propaganda War
Propaganda War
2.5-tonne Medical Truck
Registered Artillery
Advanced Field Repairs
Registered Artillery
Armored Reserves
Walking Stuka Rocket Launcher
Propaganda War
Walking Stuka Rocket Launcher
RPZWolf
JR1
Insurmountable Odds
阿祖莎菜
PapaZor
Mr.Larry.Mx
KlugE
Virgile[FR]
0
0

Comments sign in to comment!

No comments posted yet!